Map: Dusk Towers

Players

Akari - Winner!

  • Race: Protoss Protoss
  • League: Diamond

GhostDragon

  • Race: Terran Terran
  • League: Gold

VOD

Have the link to the VOD?

Description

Time

  • Played on: Feb. 14, 2016, 12:30 a.m.
  • Length: 12:50
Show
View Real Time Build Order
Export as new Build Order

Akari Protoss - Winner!

Build Orders: 1 Gate Expand 

Get SALT Encoding   

  12  0:01  Probe (Chrono Boost)  
  13  0:11  Probe (Chrono Boost)  
  14  0:18  Pylon  
  14  0:22  Probe (Chrono Boost)  
  15  0:36  Probe (Chrono Boost)  
  15  0:39  Gateway  
  16  0:43  Assimilator  
  16  0:47  Probe (Chrono Boost)  
  17  0:57  Probe (Chrono Boost)  
  18  1:21  Nexus  
  18  1:30  Probe (Chrono Boost)  
  19  1:34  Cybernetics Core  
  19  1:41  Assimilator  
  19  1:42  Probe (Chrono Boost)  
  20  1:53  Probe (Chrono Boost), Pylon  
  21  2:03  Probe (Chrono Boost)  
  22  2:11  Adept (Chrono Boost)  
  22  2:12  Warp Gate  
  22  2:15  Mothership Core (Chrono Boost)  
  26  2:33  Probe (Chrono Boost)  
  26  2:36  Probe (Chrono Boost)  
  29  2:44  Probe (Chrono Boost)  
  29  2:47  Probe (Chrono Boost)  
  30  2:55  Probe (Chrono Boost)  
  30  2:58  Probe (Chrono Boost)  
  32  3:05  Probe (Chrono Boost)  
  33  3:06  Twilight Council, Pylon  
  33  3:08  Probe (Chrono Boost)  
  34  3:16  Probe (Chrono Boost)  
  34  3:19  Probe (Chrono Boost)  
  36  3:23  Forge  
  36  3:26  Robotics Facility  
  36  3:27  Probe (Chrono Boost)  
  36  3:29  Probe (Chrono Boost)  
  36  3:33  Resonating Glaives (Chrono Boost)  
  38  3:37  Probe (Chrono Boost), Adept  
  38  3:39  Probe (Chrono Boost)  
  42  3:42  Pylon  
  42  3:47  Probe  
  43  3:51  Probe, Assimilator  
  44  3:55  Assimilator  
  44  3:58  Protoss Ground Weapons Level 1 (Chrono Boost)  
  44  3:59  Probe  
  45  4:03  Probe  
  45  4:04  Adept  
  48  4:11  Probe  
  48  4:14  Pylon  
  48  4:15  Probe  
  50  4:17  Warp Prism  
  50  4:23  Probe  
  53  4:27  Probe  
  54  4:31  Gateway  
  54  4:35  Probe, Gateway  
  55  4:42  Probe  
  56  4:49  Gateway  
  56  4:53  Gateway  
  56  4:58  Probe  
  57  5:04  Pylon  
  57  5:16  Nexus  
  57  5:18  Observer  
  58  5:22  Adept  
  58  5:28  Pylon  
  60  5:30  Pylon  
  60  5:49  Adept x5  
  66  6:12  Adept  
  66  6:13  Adept x4  
  66  6:18  Probe  
  57  6:20  Probe  
  57  6:25  Immortal  
  62  6:27  Protoss Ground Weapons Level 2 (Chrono Boost)  
  62  6:30  Probe, Adept, Blink  
  62  6:31  Adept x3  
  62  6:32  Gateway  
  71  6:33  Probe  
  71  6:34  Gateway  
  68  6:47  Probe  
  68  6:48  Templar Archives  
  68  6:50  Probe  
  68  6:53  Adept x2, Pylon  
  74  6:54  Stalker x2  
  74  6:56  Probe, Pylon  
  74  6:59  Probe  
  80  7:04  Probe  
  80  7:06  Immortal  
  80  7:07  Probe  
  85  7:10  Assimilator  
  85  7:13  Probe  
  85  7:14  Assimilator  
  85  7:15  Photon Cannon, Psionic Storm  
  87  7:17  Probe  
  88  7:23  Probe  
  88  7:28  High Templar x2  
  93  7:30  Probe  
  93  7:31  Probe  
  93  7:34  Probe  
  96  7:41  Photon Cannon  
  96  7:43  Probe x2  
  98  7:44  Photon Cannon  
  98  7:45  Observer, High Templar x2  
  98  7:47  Probe  
  104  7:55  Probe  
  105  7:58  Probe  
  105  7:59  Gateway x2  
  105  8:02  Gateway  
  105  8:04  Probe  
  105  8:05  Forge  
  106  8:07  Observer, High Templar x2  
  106  8:12  Adept x2  
  116  8:19  Probe  
  117  8:21  Pylon  
  117  8:22  Pylon  
  117  8:38  Protoss Ground Weapons Level 3 (Chrono Boost)  
  117  8:42  Stargate  
  117  8:44  Protoss Ground Armor Level 1 (Chrono Boost), Stargate  
  117  8:46  Immortal  
  121  8:50  Stalker x2  
  121  8:51  Stalker x2  
  129  9:02  Stalker x3  
  131  9:32  Fleet Beacon  
  131  9:38  Adept x4  
  137  9:42  Nexus  
  137  9:44  Pylon  
  139  9:47  Assimilator  
  139  9:51  Assimilator  
  139  9:55  Protoss Air Weapons Level 1  
  139  10:02  Pylon  
  139  10:06  Pylon  
  139  10:08  Adept x5  
  149  10:21  Tempest x2 (Chrono Boost)  
  149  10:25  Probe x2  
  159  10:34  High Templar x2  
  155  10:58  Tempest (Chrono Boost)  
  155  11:02  Tempest (Chrono Boost)  
  155  11:06  Pylon  
  155  11:09  Charge, Pylon  
  155  11:24  Pylon  
  155  11:37  Nexus  
  155  11:39  Tempest  
  155  11:40  Archon x2, Pylon  
  155  11:41  Archon  
  155  11:43  Assimilator  
  155  11:44  Tempest  
  155  11:47  Assimilator  
  155  11:55  Stargate  
  155  12:00  Photon Cannon  
  155  12:04  Photon Cannon  
  155  12:08  Photon Cannon  
  155  12:25  Robotics Facility  
Show
View Real Time Build Order
Export as new Build Order

GhostDragon Terran 

Build Orders: Reaper Expand, MMM Bio 

Get SALT Encoding   

  12  0:01  SCV  
  13  0:13  SCV  
  14  0:17  Supply Depot  
  14  0:25  SCV  
  15  0:39  SCV  
  15  0:40  Barracks  
  16  0:45  Refinery  
  16  0:51  SCV  
  17  1:03  SCV  
  18  1:15  SCV  
  19  1:27  Orbital Command  
  19  1:30  Reaper  
  20  1:40  Command Center  
  20  1:55  Supply Depot  
  20  2:01  Marine  
  20  2:07  SCV  
  22  2:21  Factory  
  22  2:31  Barracks  
  22  2:34  SCV, Barracks Reactor  
  23  2:37  Barracks  
  23  2:39  Refinery  
  23  2:55  SCV  
  23  2:56  Orbital Command  
  24  3:07  SCV  
  24  3:08  Engineering Bay  
  24  3:10  Factory Tech Lab  
  24  3:11  Engineering Bay  
  25  3:16  Marine x2  
  25  3:18  Barracks Tech Lab  
  25  3:19  SCV  
  28  3:30  Starport  
  28  3:31  SCV  
  29  3:37  SCV  
  29  3:38  Barracks Reactor  
  29  3:39  Marine  
  31  3:44  SCV  
  32  3:49  SCV, Siege Tank  
  36  3:56  SCV  
  36  4:02  SCV, Refinery x2  
  38  4:11  Supply Depot  
  38  4:14  Starport Reactor, Supply Depot  
  38  4:18  Stimpack  
  38  4:19  Marine x2  
  38  4:20  Marine  
  41  4:44  Siege Tank  
  44  4:47  Marine x2  
  44  4:48  Marine x3  
  49  4:55  SCV  
  49  4:56  SCV  
  49  4:57  Factory  
  49  4:58  Missile Turret  
  51  5:00  Missile Turret  
  51  5:08  SCV x2  
  53  5:16  Siege Tank  
  53  5:20  SCV x2  
  58  5:28  Missile Turret, Marine x3  
  58  5:29  Marine  
  62  5:40  Factory Tech Lab  
  62  5:45  Missile Turret  
  62  5:46  Marine, Terran Infantry Weapons Level 1  
  62  5:47  Terran Infantry Armor Level 1  
  62  5:50  SCV  
  62  5:54  SCV  
  62  6:07  SCV x2  
  62  6:08  Medivac  
  42  6:40  SCV x2  
  42  6:46  Siege Tank  
  47  6:50  Marine x4  
  47  6:51  Marine  
  47  6:52  SCV x2  
  54  7:04  SCV x2  
  56  7:16  SCV  
  56  7:21  SCV  
  58  7:25  Command Center  
  58  7:28  SCV  
  59  7:31  Supply Depot  
  59  7:33  SCV  
  60  7:40  SCV  
  60  7:41  Armory  
  60  7:45  SCV  
  60  7:46  Missile Turret  
  61  7:52  Medivac x2, SCV  
  61  7:54  Marine x3  
  61  7:58  SCV  
  70  8:18  Combat Shields  
  70  8:36  Medivac, SCV x2, Marine x4  
  70  8:37  Marauder, Missile Turret  
  80  8:43  Medivac  
  83  8:48  SCV  
  83  8:54  Marine x2  
  85  9:11  Marine  
  85  9:12  Marauder  
  49  9:25  Siege Tank x2  
  55  9:31  Medivac  
  55  9:33  SCV x2  
  55  9:34  SCV  
  58  9:45  SCV  
  58  9:46  SCV x2  
  61  9:57  Siege Tank  
  61  9:58  SCV x3  
  67  10:12  SCV  
  67  10:13  SCV x2  
  70  10:18  Command Center  
  70  10:24  SCV  
  70  10:25  SCV x2  
  70  10:26  Barracks  
  70  10:27  Barracks  
  70  10:28  Supply Depot  
  73  10:29  Supply Depot  
  73  10:32  Supply Depot  
  70  10:37  SCV x2  
Tags
 
Add a new tag
Caveats
  • Supply blocks, unpowered buildings, or Contaminate may cause inaccurate times.
  • Supply counts are checked every 10 seconds.